 Dungeon Crawl Stone Soup version 0.27.0-1-g7a089689b8 (webtiles) character file.

Game seed: 16148545952996361414

122 wakim the Chiller (level 4, -5/24 HPs)
             Began as a Deep Elf Ice Elementalist on July 31, 2021.
             Slain by a scorpion zombie (6 damage)
             ... on level 3 of the Dungeon.
             The game lasted 00:06:37 (3050 turns).

wakim the Chiller (Deep Elf Ice Elementalist)       Turns: 3050, Time: 00:06:37

Health: -5/24      AC:  2    Str:  5    XL:     4   Next: 78%
Magic:  10/10      EV: 12    Int: 21    God:
Gold:   116        SH:  0    Dex: 15    Spells: 2/9 levels left

rFire    . . .     SeeInvis .   b - +1 mace (holy)
rCold    . . .     Faith    .   (no shield)
rNeg     . . .     Spirit   .   c - +0 robe
rPois    .         Reflect  .   (no helmet)
rElec    .         Harm     .   (no cloak)
rCorr    .         Rampage  .   (no gloves)
Will     .....                  (no boots)
Stlth    ++........             (no amulet)
HPRegen  0.08/turn              (no ring)
MPRegen  0.12/turn              (no ring)

@: hasted, very quick
A: no striking features
a: no special abilities


You were on level 3 of the Dungeon.
You visited 1 branch of the dungeon, and saw 3 of its levels.

You collected 116 gold pieces.

Inventory:

Hand Weapons
 a - a +0 short sword of venom
 b - a +1 mace of holy wrath (weapon)
Missiles
 f - a throwing net {=f!f}
Armour
 c - a +0 robe (worn)
Scrolls
 d - a scroll of vulnerability {unknown}
 g - a scroll of brand weapon
 r - a scroll of identify
Potions
 N - a potion of might


   Skills:
 - Level 2.4 Dodging
 - Level 2.4 Stealth
 - Level 3.0 Spellcasting
 * Level 6.8 Ice Magic


You had 2 spell levels left.
You knew the following spells:

 Your Spells              Type           Power      Damage    Failure   Level
a - Freeze                Ice            100%       1d11      1%          1
b - Frozen Ramparts       Ice            62%        1d8       2%          3
c - Ozocubu's Armour      Ice            31%        N/A       2%          3

Your spell library contained the following spells:

 Spells                   Type           Power      Damage    Failure   Level
 Animate Skeleton         Necr           6%         N/A       13%         1
 Hailstorm                Conj/Ice       17%        3d6       32%         4


Dungeon Overview and Level Annotations

Branches:
Dungeon (3/15)

Altars:
Cheibriados
Yredelemnul

Shops:
D:1 [

Annotations:
D:3 1 runed translucent door, Crazy Yiuf


Message History

The wall freezes the adder. x2
You kill the adder!
The frozen ramparts melt away.
Found 3 gold pieces.
You now have 116 gold pieces (gained 3).
There is a stone staircase leading down here.
There is a stone staircase leading down here.
There is a stone staircase leading down here.
Things that are here:
a +0 short sword; 3 stones A scorpion zombie comes into view.
The scorpion zombie barely misses you.
You hit the scorpion zombie.
The scorpion zombie convulses.
The scorpion zombie is moderately damaged.
The scorpion zombie hits you.
You barely miss the scorpion zombie.
The scorpion zombie is moderately damaged.
The scorpion zombie hits you but does no damage.
The scorpion zombie hits you.
You barely miss the scorpion zombie.
The scorpion zombie is moderately damaged.
The scorpion zombie hits you but does no damage.
You barely miss the scorpion zombie.
The scorpion zombie is moderately damaged.
The scorpion zombie hits you.
You hit the scorpion zombie.
The scorpion zombie convulses.
The scorpion zombie is heavily damaged.
The scorpion zombie completely misses you.
The scorpion zombie hits you.
You hit the scorpion zombie but do no damage.
The scorpion zombie is heavily damaged.
The scorpion zombie hits you but does no damage.
You hit the scorpion zombie but do no damage.
The scorpion zombie is heavily damaged.
The scorpion zombie hits you!
* * * LOW HITPOINT WARNING * * *
The scorpion zombie hits you.
* * * LOW HITPOINT WARNING * * *
You feel yourself speed up. The scorpion zombie hits you.
You die...

###.#.#####..#####.# #........
..#.#.# #..#.....# #........
#.#.#.# ##.#.##### #........
#.#.#.######...##########........
.....................)...........
#.#.#########..####.#####.#######
#.#.########...#♣♣♣.♣ #.#
..#.#...........♣.♣.♣♣# #.#
###.#.######..♣.@♣....♣##.# #
#.#.### ##♣♣Z♣♣..♣)♣.#.# #
#.....# ♣.♣♣)..♣.....# ###....##
♣♣ ♣._.♣.♣♣..# .......#
♣...♣♣.♣..# ..#....# ♣♣.♣♣
♣♣†####### #.#....# ♣.♣
♣........# #.....## .♣.
##.#####.# ####### ...# #.#


You could see a scorpion zombie.

Vanquished Creatures
  A hound (D:3)
  A hound zombie (D:3)
  2 adders
  An adder zombie (D:3)
  2 dart slugs (D:2)
  7 ball pythons
  8 endoplasms
  2 giant cockroaches (D:2)
  5 goblins
  3 hobgoblins
  5 jackals (D:1)
  2 quokkas
  A bat (D:3)
  4 frilled lizards
  5 kobolds
  5 rats
54 creatures vanquished.

Notes
Turn   | Place    | Note
-------+----------+-------------------------------------------
     0 | D:1      | wakim the Deep Elf Ice Elementalist began the quest for the
                  | Orb.
     0 | D:1      | Reached XP level 1. HP: 10/10 MP: 6/6
   105 | D:1      | Found a faded altar of an unknown god.
   179 | D:1      | Got Plato's Incunabulum of Sinister Magic
   251 | D:1      | Reached XP level 2. HP: 15/15 MP: 6/8
   326 | D:1      | Reached skill level 5 in Ice Magic
   649 | D:1      | Found Afetis's Armour Boutique.
   965 | D:1      | Reached XP level 3. HP: 19/19 MP: 7/9
  1103 | D:1      | Learned a level 3 spell: Frozen Ramparts
  1107 | D:1      | Learned a level 3 spell: Ozocubu's Armour
  1921 | D:2      | Found a snail-covered altar of Cheibriados.
  2215 | D:2      | Reached skill level 6 in Ice Magic
  2418 | D:3      | Found a runed translucent door.
  2425 | D:3      | Noticed Crazy Yiuf
  2521 | D:3      | Reached XP level 4. HP: 16/24 MP: 10/10
  2615 | D:3      | Found a basalt altar of Yredelemnul.
  3049 | D:3      | HP: 1/24 [scorpion zombie (6)]
  3050 | D:3      | Slain by a scorpion zombie

Illustrated notes

Levels and vault maps discovered:
D:1:      psy_arrival_terrarium, layout_basic,
          shapermc_ecumenical_altar_rom_forum, serial_shops, shop,
          serial_park_tiny_pond, hangedman_feature_mirror, minmay_tall_x
D:2:      layout_basic, basic_altar
D:3:      layout_basic, nicolae_yredelemnul_corpse_copse,
          hangedman_decor_clover_reticule, grunt_decor_fettered,
          uniq_crazy_yiuf_cottage

Skill      XL: |  1  2  3 |
---------------+----------+-----
Ice Magic      | 5 6 |  6.8
Dodging        | |  2.4
Stealth        | |  2.4
Spellcasting   | |  3.0

Action                   |  1- 3 |  4- 6 || total
-------------------------+-------+-------++-------
Melee: Whip              |    42 |       ||    42
       Mace              |     9 |    11 ||    20
 Cast: Freeze            |    41 |       ||    41
       Frozen Ramparts   |    10 |     5 ||    15
  Use: Scroll            |     3 |       ||     3
       Potion            |       |     1 ||     1
Armor: Robe              |    14 |     3 ||    17
Dodge: Dodged            |    57 |     4 ||    61
